 Dungeon Crawl Stone Soup version 0.16-a0-2939-g3ffa1c3 (webtiles) character file.

2378 PolkaDot the Slicer (level 9, 0/58 HPs)
             Began as a Vampire Summoner on Dec 3, 2014.
             Was an Initiate of Sif Muna.
             Slain by a wight
             ... wielding a +3 mace
              (11 damage)
             ... on level 8 of the Dungeon.
             The game lasted 00:24:13 (8126 turns).

PolkaDot the Slicer (Vampire Summoner)              Turns: 8126, Time: 00:24:14

Health: 0/58       AC: 11    Str: 12    XL:     9   Next: 21%
Magic:  1/14       EV: 11    Int: 24    God:    Sif Muna [......]
Gold:   529        SH:  0    Dex: 14    Spells: 4 memorised, 2 levels left

rFire  . . .     SeeInvis +     f - +2 short sword (protect) (curse)
rCold  . . .     Clarity  .     q - +0 leather armour
rNeg   . . .     SustAb   .     (no shield)
rPois  +         Gourm    .     e - +0 helmet
rElec  .         Spirit   .     (no cloak)
rCorr  .         Warding  .     n - +0 pair of gloves (curse)
rMut   .         Stasis   .     (no boots)
MR     .....                    h - amulet of regeneration
Stlth  ++........               y - ring of poison resistance
                                a - +4 ring of intelligence

@: mighty, very slightly contaminated, regenerating very quickly, invisible, not
resistant to hostile enchantments, unstealthy
A: bottle blood, fangs 3, icy blue scales 1, see invisible, unbreathing
a: Renounce Religion


You were on level 8 of the Dungeon.
You worshipped Sif Muna.
Sif Muna was noncommittal.
You were almost alive.

You visited 2 branches of the dungeon, and saw 9 of its levels.
You also visited: Ossuary.

You collected 529 gold pieces.

Inventory:

Hand weapons
 f - a cursed +2 short sword of protection (weapon)
Armour
 e - a +0 helmet (worn)
 n - a cursed +0 pair of gloves (worn)
 q - a +0 leather armour (worn)
Jewellery
 a - a +4 ring of intelligence (left hand)
 h - an amulet of regeneration (around neck)
 r - an uncursed ring of protection from magic
 y - a ring of poison resistance (right hand)
 C - an uncursed ring of positive energy
 F - an uncursed amulet of resist corrosion {unknown}
Magical devices
 c - a wand of teleportation (3)
 x - a wand of polymorph (8)
 B - a wand of cold (9)
 J - a wand of polymorph (4)
Scrolls
 d - a scroll of remove curse
 g - 3 scrolls of enchant armour
 k - a scroll of immolation {unknown}
 l - 2 scrolls of fog
 m - 2 scrolls of noise
 o - 2 scrolls of teleportation
 p - 4 scrolls of recharging
 s - a scroll of blinking {unknown}
 D - 5 scrolls of identify
 E - a scroll of magic mapping
 I - a scroll of enchant weapon {unknown}
Potions
 i - a potion of restore abilities
 j - 14 potions of blood {@*1}
 u - 2 potions of haste {unknown}
 v - 6 potions of brilliance
 w - 2 potions of degeneration {unknown}
 z - 2 potions of heal wounds {unknown}
 A - 2 potions of resistance {unknown}
 H - a potion of agility {unknown}
 K - a potion of flight {unknown}
Books
 b - a book of Callings

   Spells                             Type                      Level
   a - Summon Small Mammal            Summoning                    1
   b - Call Imp                       Summoning                    2
   c - Call Canine Familiar           Summoning                    3
   d - Summon Guardian Golem          Hexes/Summoning              4
   e - Summon Lightning Spire         Summoning/Air                4
   f - Summon Ice Beast               Ice/Summoning                4


   Skills:
 - Level 0.6 Fighting
 + Level 9.9 Short Blades
 - Level 4.0 Armour
 - Level 2.1 Dodging
 - Level 3.0 Stealth
 - Level 2.0 Spellcasting
 + Level 7.1 Summonings
 * Level 2.4 Ice Magic


You had 2 spell levels left.
You knew the following spells:

 Your Spells              Type           Power        Failure   Level  Hunger
a - Summon Small Mammal   Summ           ####         1%          1    #......
d - Call Canine Familiar  Summ           #####...     1%          3    ###....
i - Summon Ice Beast      Ice/Summ       ####....     21%         4    #####..
s - Call Imp              Summ           #####...     1%          2    ##.....


Dungeon Overview and Level Annotations

Branches:
Dungeon (8/15)             Temple (1/1) D:7
   Lair: D:8-11

Altars:
Cheibriados
Dithmenos
Elyvilon
Fedhas
Gozag
Kikubaaqudgha
Makhleb
Nemelex Xobeh
Okawaru
Qazlal
Ru
Sif Muna
Trog
Vehumet
Xom
Yredelemnul
Zin
The Shining One

Shops:
D:8 (

Annotations:
D:5 runed door


Innate Abilities, Weirdness & Mutations

Your natural rate of healing is extremely fast.
You can bottle blood from corpses.
You have razor-sharp teeth.
You have supernaturally acute eyesight.
You can survive without breathing.
You are partially covered in icy blue scales (AC +1).


Message History

The killer bee is severely wounded.
The killer bee closely misses you. The killer bee stings you.
* * * LOW HITPOINT WARNING * * *
You puncture the killer bee!
You kill the killer bee!
The wight misses your crimson imp.
Casting: Call Canine Familiar
Confirm with . or Enter, or press ? or * to list all spells.
A chill wind blows around you. The wight hits you but does no damage.
The wight misses your crimson imp.
You hit the wight.
The wight is moderately damaged.
The wight hits you with a trident of piercing!
* * * LOW HITPOINT WARNING * * *
x2 Drink which item? (? for menu, Esc to quit)
Okay, then.
Drink which item? (? for menu, Esc to quit)
Yummy - fresh blood!
The wight hits you with an enchanted mace!
You die...

.....###...##### ###
#.#............ ..#
.######.).z.5......# #.#
..........Y........# #.#
#######....z.......# #.#
z..........z...### #.#
#####.#5##....# #.###
......#z##z...#######....
......Y.@zz..............
#######.###..........###.
#.# #.....##.#.###. #.#
##.....#.∩.....
#.###........#.#.#.
#.....)..........#.
#.####.###........#.#...
........................
##########.#...####.##.#


You could see 4 wights, a friendly ice beast and a friendly crimson imp.

Vanquished Creatures
  An orc warrior (D:8)
  2 centaurs
  An ice beast (D:6)
  Sigmund (D:3)
  A giant frog (D:6)
  Blork the orc (D:5)
  3 water moccasin zombies (Ossuary)
  2 scorpions
  9 killer bees
  2 crimson imps
  3 giant frog skeletons
  A giant frog zombie (D:6)
  4 hounds
  An iguana (D:5)
  5 orc wizards
  2 worker ants (D:4)
  Natasha (twice) (D:4)
  6 big kobold zombies (Ossuary)
  Ijyb (D:5)
  A hound zombie (D:5)
  2 mummies (Ossuary)
  Robin (D:2)
  7 adders
  5 gnolls
  3 giant mites
  A shadow imp (D:6)
  5 worms
  An adder skeleton (D:7)
  6 adder zombies
  A giant gecko (D:3)
  An ooze (D:1)
  16 orcs
  A ball python (D:5)
  21 hobgoblins
  8 jackals
  7 kobolds
  2 quokkas
  14 bats
  3 giant cockroaches
  A giant gecko skeleton (D:3)
  3 giant newts (D:2)
  A gnoll zombie (Ossuary)
  17 goblins
  6 hobgoblin zombies (Ossuary)
  A jackal skeleton (D:4)
  A jackal zombie (D:5)
  A kobold zombie (Ossuary)
  4 orc zombies (Ossuary)
  9 rats
198 creatures vanquished.

Vanquished Creatures (collateral kills)
  A phantom (D:4)
  Purgy (D:3)
  A killer bee (D:6)
  A wight (D:8)
  2 goliath beetles
  3 orc priests
  Terence (D:2)
  2 adders
  3 gnolls (D:3)
  5 orcs
  A goblin (D:3)
  2 hobgoblins
  2 kobolds
25 creatures vanquished.

Vanquished Creatures (others)
  A wolf (D:7)
  2 ice beasts (D:8)
  7 hounds
  A shadow imp (D:2)
  2 white imps
  2 quokkas
  A rat (D:5)
16 creatures vanquished.

Grand Total: 239 creatures vanquished

Notes
Turn   | Place    | Note
--------------------------------------------------------------
     0 | D:1      | PolkaDot, the Vampire Summoner, began the quest for the Orb.
     0 | D:1      | Reached XP level 1. HP: 13/13 MP: 3/3
   362 | D:1      | Reached skill level 1 in Short Blades
   391 | D:1      | Reached XP level 2. HP: 18/20 MP: 4/4
   395 | D:1      | Learned a level 2 spell: Call Imp
  1001 | D:2      | Reached XP level 3. HP: 11/25 MP: 0/6
  1060 | D:2      | Learned a level 3 spell: Call Canine Familiar
  1259 | D:2      | Noticed Robin
  1279 | D:2      | Reached XP level 4. HP: 26/31 MP: 7/7
  1413 | D:2      | Killed Robin
  1564 | D:2      | Noticed Terence
  1576 | D:2      | Killed Terence
  1836 | D:2      | Found a glowing silver altar of Zin.
  1836 | D:2      | Found an ancient bone altar of Kikubaaqudgha.
  2042 | D:2      | Reached XP level 5. HP: 36/36 MP: 9/9
  2325 | D:3      | Found a radiant altar of Vehumet.
  2338 | D:3      | Noticed Sigmund
  2352 | D:3      | Killed Sigmund
  2352 | D:3      | Reached skill level 5 in Short Blades
  2352 | D:3      | Reached skill level 5 in Summonings
  2480 | D:3      | Noticed Purgy
  2496 | D:3      | Gained mutation: You are partially covered in icy blue scales (AC +1). [potion of beneficial mutation]
  2500 | D:3      | Killed Purgy
  2500 | D:3      | Reached XP level 6. HP: 38/42 MP: 1/10
  3002 | D:3      | Found a glowing golden altar of the Shining One.
  3597 | D:4      | Reached skill level 1 in Armour
  3792 | D:4      | Reached skill level 6 in Short Blades
  3792 | D:4      | Reached XP level 7. HP: 42/47 MP: 2/12
  4213 | D:4      | Noticed Natasha
  4223 | D:4      | Killed Natasha
  4791 | D:4      | Learned a level 4 spell: Summon Ice Beast
  4829 | D:4      | Noticed Natasha
  4842 | D:4      | Killed Natasha
  4852 | D:5      | Entered Level 5 of the Dungeon
  4920 | D:5      | Found a sand-covered staircase.
  4961 | Ossuary  | Entered an ossuary
  5170 | Ossuary  | Reached skill level 7 in Short Blades
  5170 | Ossuary  | Reached XP level 8. HP: 47/53 MP: 13/13
  5272 | D:5      | Noticed Blork the orc
  5277 | D:5      | Found a runed door.
  5277 | D:5      | Noticed a human
  5313 | D:5      | Killed Blork the orc
  5366 | D:5      | Found a basalt altar of Yredelemnul.
  5486 | D:6      | Reached skill level 8 in Short Blades
  5581 | D:6      | Found a shadowy altar of Dithmenos.
  6183 | D:6      | Found a blossoming altar of Fedhas.
  6317 | D:7      | Reached skill level 9 in Short Blades
  6462 | D:7      | Found a snail-covered altar of Cheibriados.
  7148 | D:7      | Found a staircase to the Ecumenical Temple.
  7154 | Temple   | Entered the Ecumenical Temple
  7342 | Temple   | Became a worshipper of Sif Muna the Loreminder
  7741 | D:5      | Reached XP level 9. HP: 58/58 MP: 10/14
  7743 | D:5      | Noticed Ijyb
  7775 | D:5      | Killed Ijyb
  7977 | D:8      | Found Toc Uprann's Weapon Boutique.
  8001 | D:8      | Reached skill level 1 in Ice Magic
  8126 | D:8      | Slain by a wight

Action                   |  1- 3 |  4- 6 |  7- 9 || total
-------------------------+-------+-------+-------++-------
Melee: Dagger            |    60 |    57 |       ||   117
       Unarmed           |    14 |       |    14 ||    28
       Short sword       |       |   242 |   564 ||   806
 Cast: Summon Small Mamm |     4 |     2 |     3 ||     9
       Call Imp          |     2 |    15 |    12 ||    29
       Call Canine Famil |     1 |     8 |    11 ||    20
       Summon Ice Beast  |       |       |     6 ||     6
  Use: Potion            |     1 |    23 |    36 ||    60
       Scroll            |       |     7 |     4 ||    11
 Stab: Sleeping          |       |     4 |    10 ||    14
       Distracted        |       |     2 |     3 ||     5
       Invisible         |       |       |     2 ||     2
  Eat: Corpse            |    10 |     1 |       ||    11
